 Dungeon Crawl Stone Soup version 0.30.1-3-gfc49f6343a (webtiles) character file.

Game seed: 2376883984829489095

1897 H0rd4k the Sneak (level 9, 0/57 HPs)
             Began as an Octopode Artificer on July 28, 2023.
             Slain by an orc
             ... wielding a +4 trident
              (8 damage)
             ... on level 7 of the Dungeon on July 31, 2023.
             The game lasted 00:10:24 (6208 turns).

H0rd4k the Sneak (Octopode Artificer)               Turns: 6208, Time: 00:10:25

Health: 0/57       AC:  1    Str: 11    XL:     9   Next: 15%
Magic:  9/9        EV: 14    Int: 17    God:
Gold:   302        SH:  0    Dex: 13    Spells: 8/8 levels left

rFire   . .          .
                       - Unarmed
rCold   . . .        (no shield)
rNeg    . . .        (helmet restricted)
rPois   .            (no amulet)
rElec   .            (no ring)
rCorr   .            (no ring)
SInv    .            (no ring)
Will    .....        (no ring)
Stlth   +++++        (no ring)
HPRegen 0.29/turn    (no ring)
MPRegen 0.11/turn    (no ring)
                     (no ring)

%: no passive effects
@: no status effects
A: almost no armour, amphibious, 8 rings, camouflage 1, gelatinous body 1,
(nimble swimmer 1), tentacles
a: no special abilities


You were on level 7 of the Dungeon.
You visited 1 branch of the dungeon, and saw 7 of its levels.
You also visited: Ossuary.

You collected 302 gold pieces.

Inventory:

Hand Weapons
 z - a +4 dagger of flaming
 A - a +0 short sword of holy wrath
Missiles
 a - 3 curare-tipped darts
 p - 7 poisoned darts
 v - a throwing net
Magical Staves
 x - a staff of fire
Jewellery
 E - a ring of willpower
 F - a ring of flight
Wands
 c - a wand of charming (2)
 y - a wand of digging (5)
 H - a wand of mindburst (12)
Scrolls
 b - 2 scrolls of noise {unknown}
 e - 2 scrolls of fear {unknown}
 g - 7 scrolls of teleportation {unknown}
 h - a scroll of torment {unknown}
 i - 6 scrolls of identify {unknown}
 l - a scroll of magic mapping {unknown}
 n - 3 scrolls of amnesia {unknown}
 r - 2 scrolls of blinking {unknown}
 w - a scroll of enchant armour {unknown}
 C - a scroll of fog {unknown}
 D - 2 scrolls of vulnerability {unknown}
 G - a scroll of poison {unknown}
Potions
 d - a potion of resistance {unknown}
 f - 2 potions of invisibility
 j - 2 potions of might {unknown}
 k - 2 potions of lignification {unknown}
 m - 3 potions of heal wounds {unknown}
 o - a potion of flight {unknown}
 q - 5 potions of curing {unknown}
 s - 2 potions of attraction {unknown}
 t - a potion of degeneration {unknown}
 u - 2 potions of brilliance {unknown}
 B - 2 potions of haste {unknown}


   Skills:
 + Level 3.3 Fighting
 + Level 5.0 Dodging
 + Level 7.7 Stealth
 + Level 7.3 Unarmed Combat
 + Level 5.7 Evocations


You had 8 spell levels left.
You didn't know any spells.
Your spell library contained the following spells:

 Spells                   Type           Power      Damage    Failure   Level
 Magic Dart               Conj           0%         1d3       24%         1
 Necrotise                Necr           0%         1d4       24%         1
 Blink                    Tloc           0%         N/A       34%         2
 Lesser Beckoning         Tloc           0%         N/A       34%         2
 Momentum Strike          Conj/Tloc      0%         3d8       34%         2
 Poisonous Vapours        Pois/Air       0%         N/A       34%         2
 Searing Ray              Conj           0%         2d4       34%         2
 Mephitic Cloud           Conj/Pois/Air  0%         N/A       56%         3
 Vampiric Draining        Necr           0%         2d6       56%         3
 Fulminant Prism          Conj/Hex       0%         3d5       93%         4
 Agony                    Necr           0%         N/A       100%        5
 Freezing Cloud           Conj/Ice/Air   0%         6-21      100%        5


Dungeon Overview and Level Annotations

Branches:
Dungeon (7/15)            Ossuary (visited)
 Temple: D:4-7

Altars:
Nemelex Xobeh
Okawaru
Qazlal
Uskayaw
Zin
The Shining One

Annotations:
D:4 exclusion: downstairs
D:5 Dowan


Innate Abilities, Weirdness & Mutations

You cannot wear most types of armour.
You are amphibious.
You can wear up to eight rings at the same time.
Your skin changes colour to match your surroundings (Stealth+).
Your rubbery body absorbs attacks. (AC +1, EV +1)
((You are camouflaged when in or above water. (Stealth+)))
You have tentacles for arms and can constrict up to eight enemies at once.


Message History

The orc wizard flickers and vanishes!
Deactivating autopickup; reactivate with Ctrl-A.
You are confused.
Found a stone staircase leading down.
The orc hits you from afar with a +4 trident.
The orc closely misses you.
You bump into the rock wall.
The orc misses you.
You bump into the rock wall.
The orc misses you.
You feel less confused.
A magic dart appears from out of thin air!
The magic dart hits you! The orc closely misses you.
The bullfrog closely misses you. The bullfrog attacks as you move away!
The bullfrog misses you. The bullfrog hits you.
You see here a +0 short sword.
You bludgeon the bullfrog! Your grab misses the bullfrog.
You squeeze the bullfrog, but do no damage.
The bullfrog is heavily wounded.
The bullfrog barely misses you.
You bludgeon the bullfrog! You grab the bullfrog.
The bullfrog is almost dead.
You constrict the bullfrog.
You kill the bullfrog!
You closely miss something.
Your tentacle-slap misses something.
You hear some strange, mumbled words.
A puff of flame appears from out of thin air!
The puff of flame hits you! The orc closely misses you.
You closely miss something. You tentacle-slap something. Something hits you.
The orc hits you from afar with a +4 trident.
You tentacle-slap something. Your squeeze misses something.
Something hits you but does no damage. The orc barely misses you.
You miss something. Something hits you.
The orc hits you from afar with a +4 trident!
* * * LOW HITPOINT WARNING * * *
You closely miss something.
Your tentacle-slap misses something.
Something hits you.
* * * LOW HITPOINT WARNING * * *
The orc hits you from afar with a +4 trident!
You die...

### #<# #.# #)#
#@# #{# # #o# #..
#.# #...#####.#
..........#
..........#
....!...........>
.........##......


You could see an orc.

Vanquished Creatures
  Grinder (D:5)
  Eustachio (D:5)
  Duvessa (D:5)
  2 ogres (D:5)
  An elf zombie (Ossuary)
  A bullfrog (D:7)
  2 scorpions (D:5)
  2 hounds
  2 human zombies (Ossuary)
  3 iguanas
  3 orc priests
  A sleepcap (D:5)
  4 orc wizards
  A hound zombie (Ossuary)
  3 mummies (Ossuary)
  6 gnolls
  10 adders
  2 shadow imps (D:6)
  A white imp (D:6)
  4 adder zombies (Ossuary)
  5 dart slugs
  20 orcs
  6 bats
  7 endoplasms
  2 giant cockroaches
  2 gnoll zombies (Ossuary)
  6 goblins
  3 hobgoblins
  4 jackals (D:1)
  2 quokkas
  8 ball pythons
  4 frilled lizards
  4 goblin zombies (Ossuary)
  2 hobgoblin zombies (Ossuary)
  6 jackal zombies (Ossuary)
  2 kobolds
  2 kobold zombies (Ossuary)
  2 orc zombies (Ossuary)
  4 quokka zombies (Ossuary)
  3 rats (D:1)
  5 rat zombies (Ossuary)
150 creatures vanquished.

Vanquished Creatures (collateral kills)
  An ogre (D:6)
  A gnoll sergeant (D:6)
  A scorpion (D:5)
  A jelly (D:6)
  An orc priest (D:5)
  An orc wizard (D:5)
  3 gnolls (D:6)
  3 orcs
12 creatures vanquished.

Vanquished Creatures (others)
  A sky beast (D:4)
1 creature vanquished.

Grand Total: 163 creatures vanquished

Notes
Turn   | Place    | Note
-------+----------+-------------------------------------------
     0 | D:1      | H0rd4k the Octopode Artificer began the quest for the Orb.
     0 | D:1      | Reached XP level 1. HP: 13/13 MP: 1/1
   120 | D:1      | Reached XP level 2. HP: 17/18 MP: 2/2
   415 | D:1      | Reached XP level 3. HP: 8/23 MP: 3/3
   721 | D:1      | You fall into a shaft and drop 1 floor!
  1456 | D:2      | Reached XP level 4. HP: 28/28 MP: 4/4
  1497 | D:2      | Reached skill level 1 in Unarmed Combat
  1959 | D:3      | Found a stormy altar of Qazlal.
  1960 | D:3      | Found a glowing golden altar of the Shining One.
  1966 | D:3      | Reached XP level 5. HP: 33/33 MP: 5/5
  2354 | D:3      | Found a sparkling altar of Nemelex Xobeh.
  2559 | D:4      | Reached XP level 6. HP: 27/39 MP: 6/6
  2680 | D:4      | Noticed a sky beast
  2974 | D:4      | Reached XP level 7. HP: 17/44 MP: 7/7
  2978 | D:4      | Reached skill level 5 in Stealth
  3313 | D:5      | Entered Level 5 of the Dungeon
  3313 | D:5      | Noticed Grinder
  3603 | D:5      | Killed Grinder
  3651 | D:5      | Reached skill level 5 in Evocations
  3658 | D:5      | HP: 2/45 [poisoned by an adder]
  3986 | D:5      | Noticed Eustachio
  3994 | D:5      | Killed Eustachio
  3995 | D:5      | Reached skill level 5 in Unarmed Combat
  3995 | D:5      | Reached XP level 8. HP: 26/51 MP: 8/8
  4317 | D:5      | Noticed Dowan
  4317 | D:5      | Noticed Duvessa
  4336 | D:5      | Killed Duvessa
  4969 | D:6      | Found a hide-covered altar of Uskayaw.
  4980 | D:6      | Found a sand-covered staircase.
  4992 | Ossuary  | Entered an ossuary
  5563 | D:6      | Found a large runed translucent door.
  5564 | D:6      | Found a large runed translucent door.
  5654 | D:6      | Noticed a two-headed ogre
  5718 | D:6      | Reached XP level 9. HP: 54/57 MP: 9/9
  5720 | D:6      | Reached skill level 5 in Dodging
  5835 | D:6      | Found an iron altar of Okawaru.
  5838 | D:6      | Found a glowing silver altar of Zin.
  6208 | D:7      | Slain by an orc

Illustrated notes

Levels and vault maps discovered:
D:1:      onia_arrival_handbag, layout_rooms
D:2:      layout_loops_ring, nicolae_half_adder
D:3:      layout_loops_ring, gammafunk_temple_overflow_forgotten
D:4:      cheibrodos_pilgrimage, layout_cave_pools
D:5:      layout_rooms, serial_curves, eino_curves_03, eino_curves_03,
          kennysheep_nub, kennysheep_decorative_pillar, uniq_duvessa,
          uniq_grinder, uniq_eustachio
D:6:      layout_loops_ring, jmf_multi_god_temple2,
          eat_drink_and_be_merry_uskayaw, lightli_ossuary_entry_decrepit_ruins,
          nicolae_kite_square_tiling_tiny
D:7:      layout_basic, minmay_temple_entry_fiery

Skill      XL: |  1  2  3  4  5  6  7  8  9 |
---------------+----------------------------+-----
Stealth        | 2 3 4 6 7 |  7.7
Evocations     | 4 5 |  5.7
Dodging        | 3 4 5 |  5.0
Unarmed Combat | 1 2 3 5 7 |  7.3
Fighting       | 2 3 |  3.3

Action                     |  1- 3 |  4- 6 |  7- 9 || total
---------------------------+-------+-------+-------++-------
  Melee: Unarmed           |    90 |    89 |   214 ||   393
         Constrict         |    26 |    29 |    58 ||   113
         Tentacles         |    16 |    30 |    67 ||   113
         Punch             |       |     1 |     9 ||    10
  Evoke: Wand              |     1 |    19 |    13 ||    33
    Use: Potion            |       |     2 |     1 ||     3
   Stab: Sleeping          |     6 |     3 |    12 ||    21
         Distracted        |       |       |     2 ||     2
 Armour: Skin              |    13 |     4 |    10 ||    27
  Dodge: Dodged            |    67 |    53 |    96 ||   216
